ITL
RICHMOND FLAIRS @ ALLENTOWN HILLBILLIES
07/25/2030
 
TOP OF THE 1ST
Richmond Flairs batting - Pitching for Allentown Hillbillies : LHP Beau Montgomery
Pitching: LHP Beau Montgomery
Batting: RHB Lonson Seals 0-0: Foul Ball, location: 2F
0-1: Called Strike
0-2: Fly out, F8 (Flyball, 8LXD)
Batting: RHB Gilberto Guzmán 0-0: Ball
1-0: Called Strike
1-1: Ball
2-1: Ball
3-1: Base on Balls
Batting: LHB Luis Villa 0-0: Called Strike
0-1: Ball
1-1: Swinging Strike
1-2: Foul Ball, location: 2F
1-2: Ball
2-2: Ball
3-2: Fly out, F7 (Flyball, 7)
Batting: RHB R.J. Crosby 0-0: Called Strike
0-1: Ball
1-1: Ball
2-1: Ball
3-1: Called Strike
3-2: Foul Ball, location: 2F
3-2: Strikes out swinging
Top of the 1st over - 0 runs, 0 hits, 0 errors, 1 left on base; Richmond 0 - Allentown 0
BOTTOM OF THE 1ST
Allentown Hillbillies batting - Pitching for Richmond Flairs : RHP Bryce Davis
Pitching: RHP Bryce Davis
Batting: RHB Jeff Townsley 0-0: SINGLE (Groundball, 56D)
Batting: RHB Albert Lutz 0-0: Ball
1-0: Ball
2-0: Called Strike
2-1: Ball
3-1: Base on Balls
Jeff Townsley to second
Batting: RHB António Yánez 0-0: Ball
Jeff Townsley steals 3rd base
Albert Lutz to second
1-0: Foul Ball, location: 2F
1-1: Foul Ball, location: 2F
1-2: Foul Ball, location: 2F
1-2: SINGLE (Line Drive, 56)
Jeff Townsley scores
Albert Lutz to third
Batting: RHB Diego Rivera 0-0: Ball
1-0: DOUBLE (Line Drive, 78XD)
Albert Lutz scores
António Yánez to third
Runner from 3rd tries for Home, SAFE, no throw
Batting: RHB Germano Labrego 0-0: Ball
1-0: Swinging Strike
1-1: Swinging Strike
1-2: Foul Ball, location: 2F
1-2: Ball
2-2: Strikes out swinging
Batting: RHB Germán Romero 0-0: Ball
1-0: Called Strike
1-1: Swinging Strike
1-2: Strikes out swinging
Batting: RHB Von Ford 0-0: Ground out 6-3 (Groundball, 56D)
Bottom of the 1st over - 3 runs, 3 hits, 0 errors, 1 left on base; Richmond 0 - Allentown 3
TOP OF THE 2ND
Richmond Flairs batting - Pitching for Allentown Hillbillies : LHP Beau Montgomery
Batting: LHB Roland Jones 0-0: Ball
1-0: Ball
2-0: Ball
3-0: Base on Balls
Batting: LHB R.J. Courtney 0-0: Called Strike
0-1: Ball
1-1: Swinging Strike
1-2: Foul Ball, location: 2F
1-2: Ball
2-2: Foul Ball, location: 2F
2-2: Foul Ball, location: 2F
2-2: Foul Ball, location: 2F
2-2: Foul Ball, location: 2F
2-2: Foul Ball, location: 2F
2-2: Ball
3-2: Foul Ball, location: 2F
3-2: SINGLE (Flyball, 8RS)
Roland Jones to second
Runner from 2nd tries for 3rd, SAFE, no throw
Batting: RHB Liangde Que 0-0: Fly out, F9 (Flyball, 89M)
Runner from 3rd tags up, SCORES, throw made
Batting: RHB Guo-xiu Hsueh 0-0: Called Strike
0-1: SINGLE (Groundball, 56D)
R.J. Courtney to second
Batting: RHB Alejandro Ramos 0-0: Ball
1-0: Ball
2-0: Grounds into double play, 4-6-3 (Groundball, 4)
Top of the 2nd over - 1 run, 2 hits, 0 errors, 1 left on base; Richmond 1 - Allentown 3
BOTTOM OF THE 2ND
Allentown Hillbillies batting - Pitching for Richmond Flairs : RHP Bryce Davis
Batting: RHB Justin Harris 0-0: Single, Error in OF, E7, batter to second base
Batting: LHB Russell Ewing 0-0: Fly out, F6 (Line Drive, 6)
Batting: RHB Jeff Townsley 0-0: Ball
1-0: Called Strike
1-1: SINGLE (Groundball, 4M) (infield hit)
Justin Harris to third
Batting: RHB Albert Lutz 0-0: Ball
1-0: Ball
2-0: Called Strike
2-1: Fly out, F4 (Line Drive, 4)
Batting: RHB António Yánez 0-0: Ball
1-0: Ball
2-0: Called Strike
2-1: Ball
3-1: Foul Ball, location: 2F
3-2: Strikes out looking
Bottom of the 2nd over - 0 runs, 2 hits, 1 error, 2 left on base; Richmond 1 - Allentown 3
TOP OF THE 3RD
Richmond Flairs batting - Pitching for Allentown Hillbillies : LHP Beau Montgomery
Batting: RHB Lonson Seals 0-0: Swinging Strike
0-1: Ball
1-1: Called Strike
1-2: Ball
2-2: Foul Ball, location: 2F
2-2: Foul Ball, location: 2F
2-2: Ground out 3-1 (Groundball, 34S)
Batting: RHB Gilberto Guzmán 0-0: Ball
1-0: Ball
2-0: Ball
3-0: Called Strike
3-1: Foul Ball, location: 2F
3-2: Ground out 5-3 (Groundball, 56)
Batting: LHB Luis Villa 0-0: Ground out 6-3 (Groundball, 6)
Top of the 3rd over - 0 runs, 0 hits, 0 errors, 0 left on base; Richmond 1 - Allentown 3
BOTTOM OF THE 3RD
Allentown Hillbillies batting - Pitching for Richmond Flairs : RHP Bryce Davis
Batting: RHB Diego Rivera 0-0: Ball
1-0: Called Strike
1-1: Called Strike
1-2: Ball
2-2: Ball
3-2: Fly out, F8 (Flyball, 8LD)
Batting: RHB Germano Labrego 0-0: Called Strike
0-1: Ball
1-1: Ball
2-1: Foul Ball, location: 2F
2-2: Foul Ball, location: 2F
2-2: Strikes out looking
Batting: RHB Germán Romero 0-0: Ball
1-0: SINGLE (Line Drive, 4M)
Batting: RHB Von Ford 0-0: Ball
1-0: Called Strike
1-1: Swinging Strike
1-2: Ground out 1-3 (Groundball, P)
Bottom of the 3rd over - 0 runs, 1 hit, 0 errors, 1 left on base; Richmond 1 - Allentown 3
TOP OF THE 4TH
Richmond Flairs batting - Pitching for Allentown Hillbillies : LHP Beau Montgomery
Batting: RHB R.J. Crosby 0-0: Ball
1-0: Ball
2-0: SOLO HOME RUN (Line Drive, 78XD), Distance : 400 ft
Batting: LHB Roland Jones 0-0: Called Strike
0-1: SOLO HOME RUN (Flyball, 9LD), Distance : 365 ft
Batting: LHB R.J. Courtney 0-0: Ball
1-0: Called Strike
1-1: SINGLE (Groundball, 56D)
Batting: RHB Liangde Que 0-0: Ball
1-0: Foul Ball, location: 2F
1-1: Ball
2-1: DOUBLE (Flyball, 78D)
R.J. Courtney to third
Runner from 3rd tries for Home, SAFE, no throw
Batting: RHB Guo-xiu Hsueh 0-0: Called Strike
0-1: Foul Ball, location: 2F
0-2: Ball
1-2: Ball
2-2: Ground out 1-3 (Groundball, P)
Liangde Que to third
Batting: RHB Alejandro Ramos 0-0: Ground out 4-3 (Groundball, 4)
Liangde Que scores
Batting: RHB Lonson Seals 0-0: Ball
1-0: Ground out U3 (Groundball, 34)
Top of the 4th over - 4 runs, 4 hits, 0 errors, 0 left on base; Richmond 5 - Allentown 3
BOTTOM OF THE 4TH
Allentown Hillbillies batting - Pitching for Richmond Flairs : RHP Bryce Davis
Batting: RHB Justin Harris 0-0: Ball
1-0: Ball
2-0: Foul Ball, location: 2F
2-1: Ball
3-1: Base on Balls
Batting: LHB Russell Ewing 0-0: Ball
1-0: Ball
2-0: Ball
3-0: Base on Balls
Justin Harris to second
Batting: RHB Jeff Townsley 0-0: SINGLE (Groundball, 4S) (infield hit)
Justin Harris to third
Russell Ewing to second
Batting: RHB Albert Lutz 0-0: Ball
1-0: Fielders Choice at 2nd, 6-4 (Groundball, 6)
Justin Harris scores
Russell Ewing to third
Batting: RHB António Yánez 0-0: Called Strike
0-1: Foul Ball, location: 2F
0-2: Fly out, F8 (Flyball, 89M)
Runner from 3rd tags up, SCORES, no throw
Batting: RHB Diego Rivera 0-0: Foul Ball, location: 2F
0-1: Ball
1-1: Ball
2-1: Foul Ball, location: 2F
2-2: Strikes out swinging
Bottom of the 4th over - 2 runs, 1 hit, 0 errors, 1 left on base; Richmond 5 - Allentown 5
TOP OF THE 5TH
Richmond Flairs batting - Pitching for Allentown Hillbillies : LHP Beau Montgomery
Batting: RHB Gilberto Guzmán 0-0: Called Strike
0-1: Ball
1-1: Fly out, F8 (Flyball, 8RM)
Batting: LHB Luis Villa 0-0: Called Strike
0-1: Ball
1-1: Ball
2-1: Called Strike
2-2: Fly out, F9 (Flyball, 9LSF)
Batting: RHB R.J. Crosby 0-0: Called Strike
0-1: Ball
1-1: Fly out, F9 (Flyball, 9S)
Top of the 5th over - 0 runs, 0 hits, 0 errors, 0 left on base; Richmond 5 - Allentown 5
BOTTOM OF THE 5TH
Allentown Hillbillies batting - Pitching for Richmond Flairs : RHP Bryce Davis
Batting: RHB Germano Labrego 0-0: Foul Ball, location: 2F
0-1: Ball
1-1: Foul Ball, location: 2F
1-2: Strikes out swinging
Batting: RHB Germán Romero 0-0: Ball
1-0: Called Strike
1-1: Ball
2-1: Ball
3-1: SINGLE (Line Drive, 89S)
Pitching: RHP Alfonso Luna
Batting: RHB Von Ford 0-0: Ball
1-0: Ball
2-0: Ball
3-0: Called Strike
3-1: Foul Ball, location: 2F
3-2: Foul Ball, location: 2F
3-2: Foul Ball, location: 2F
3-2: Grounds into double play, 5-4-3 (Groundball, 5)
Bottom of the 5th over - 0 runs, 1 hit, 0 errors, 0 left on base; Richmond 5 - Allentown 5
TOP OF THE 6TH
Richmond Flairs batting - Pitching for Allentown Hillbillies : LHP Beau Montgomery
Pitching: RHP Mike Pierce
Batting: LHB Roland Jones 0-0: SINGLE (Line Drive, 89S)
Batting: LHB R.J. Courtney 0-0: Ball
1-0: Foul Ball, location: 2F
1-1: Ball
2-1: Foul Ball, location: 2F
2-2: Ball
3-2: Strikes out swinging
Batting: RHB Liangde Que 0-0: Ball
1-0: Foul Ball, location: 2F
1-1: Foul Ball, location: 2F
1-2: Strikes out looking
Batting: RHB Guo-xiu Hsueh 0-0: Called Strike
0-1: Called Strike
0-2: Strikes out looking
Top of the 6th over - 0 runs, 1 hit, 0 errors, 1 left on base; Richmond 5 - Allentown 5
BOTTOM OF THE 6TH
Allentown Hillbillies batting - Pitching for Richmond Flairs : RHP Alfonso Luna
Batting: RHB Justin Harris 0-0: Called Strike
0-1: Ball
1-1: Ball
2-1: Ground out 5-3 (Groundball, 56)
Batting: LHB Russell Ewing 0-0: SINGLE (Groundball, 4D)
Batting: RHB Jeff Townsley 0-0: Called Strike
0-1: Ball
1-1: Foul Ball, location: 2F
1-2: Ground out 6-3 (Groundball, 6S)
Russell Ewing to second
Batting: RHB Albert Lutz 0-0: Ball
1-0: Ball
2-0: Ball
3-0: Foul Ball, location: 2F
3-1: Called Strike
3-2: DOUBLE (Line Drive, 9LM)
Russell Ewing scores
Batting: RHB António Yánez 0-0: Called Strike
0-1: Called Strike
0-2: Ball
Passed Ball!
Albert Lutz to third
1-2: Ball
2-2: Strikes out looking
Bottom of the 6th over - 1 run, 2 hits, 0 errors, 1 left on base; Richmond 5 - Allentown 6
TOP OF THE 7TH
Richmond Flairs batting - Pitching for Allentown Hillbillies : RHP Mike Pierce
Batting: RHB Alejandro Ramos 0-0: Fly out, F6 (Line Drive, 6M)
Batting: RHB Lonson Seals 0-0: Foul Ball, location: 2F
0-1: Ball
1-1: Ball
2-1: Called Strike
2-2: Foul Ball, location: 2F
2-2: SINGLE (Groundball, 56D)
Batting: RHB Gilberto Guzmán 0-0: Called Strike
0-1: Ball
1-1: Foul Ball, location: 2F
1-2: Foul Ball, location: 2F
1-2: Ball
2-2: Foul Ball, location: 2F
2-2: Ball
3-2: Strikes out looking
Pitching: LHP Alejandro Castillo
Batting: LHB Luis Villa 0-0: Called Strike
0-1: Foul Ball, location: 2F
0-2: Strikes out swinging
Top of the 7th over - 0 runs, 1 hit, 0 errors, 1 left on base; Richmond 5 - Allentown 6
BOTTOM OF THE 7TH
Allentown Hillbillies batting - Pitching for Richmond Flairs : RHP Alfonso Luna
Batting: RHB Diego Rivera 0-0: Foul Ball, location: 2F
0-1: Called Strike
0-2: Ball
1-2: Ground out 6-3 (Groundball, 6)
Batting: RHB Germano Labrego 0-0: Ball
1-0: Ball
2-0: Ball
3-0: Base on Balls
Batting: RHB Germán Romero 0-0: Ball
1-0: Ball
2-0: Called Strike
2-1: Ball
3-1: Fly out, F4 (Popup, 4S)
Pitching: RHP Albert Gonzáles
Batting: RHB Von Ford 0-0: Fly out, F7 (Flyball, 78S)
Bottom of the 7th over - 0 runs, 0 hits, 0 errors, 1 left on base; Richmond 5 - Allentown 6
TOP OF THE 8TH
Richmond Flairs batting - Pitching for Allentown Hillbillies : LHP Alejandro Castillo
Pitching: RHP Millard Manning
Now in RF: António Salazar
Batting: RHB R.J. Crosby 0-0: Ball
1-0: Called Strike
1-1: Ground out 4-3 (Groundball, 34)
Batting: LHB Roland Jones 0-0: SINGLE (Flyball, 7LM)
Pinch Runner at 1st Chris Charles:
Batting: LHB R.J. Courtney 0-0: Ball
1-0: Called Strike
Chris Charles steals 2nd base
1-1: Called Strike
1-2: Strikes out swinging
Batting: RHB Liangde Que 0-0: Swinging Strike
0-1: Swinging Strike
0-2: Ball
1-2: Ball
2-2: Strikes out swinging
Top of the 8th over - 0 runs, 1 hit, 0 errors, 1 left on base; Richmond 5 - Allentown 6
BOTTOM OF THE 8TH
Allentown Hillbillies batting - Pitching for Richmond Flairs : RHP Albert Gonzáles
Now in LF: Joe Courtier
Batting: RHB Justin Harris 0-0: Fly out, F7 (Flyball, 78S)
Batting: LHB Russell Ewing 0-0: Ball
1-0: Ball
2-0: Called Strike
2-1: Foul Ball, location: 2F
2-2: Foul Ball, location: 2F
2-2: Foul Ball, location: 2F
2-2: Ball
3-2: Strikes out swinging
Batting: RHB Jeff Townsley 0-0: Ball
1-0: Ball
2-0: Ball
3-0: Base on Balls
Batting: RHB Albert Lutz 0-0: Ball
1-0: Fly out, F6 (Line Drive, 6)
Bottom of the 8th over - 0 runs, 0 hits, 0 errors, 1 left on base; Richmond 5 - Allentown 6
TOP OF THE 9TH
Richmond Flairs batting - Pitching for Allentown Hillbillies : RHP Millard Manning
Pitching: RHP Juan Flores
Pinch Hitting: SHB Carlos Reyes 0-0: Ball
1-0: Ball
2-0: Ball
3-0: Called Strike
3-1: Ground out 4-3 (Groundball, 4)
Batting: RHB Alejandro Ramos 0-0: Foul Ball, location: 2F
0-1: Foul Ball, location: 2F
0-2: Ball
1-2: Foul Ball, location: 2F
1-2: Fly out, F4 (Flyball, 34D)
Batting: RHB Lonson Seals 0-0: Foul Ball, location: 2F
0-1: Swinging Strike
0-2: Foul Ball, location: 2F
0-2: Fly out, F9 (Line Drive, 89D)
Top of the 9th over - 0 runs, 0 hits, 0 errors, 0 left on base; Richmond 5 - Allentown 6
Saturday, April 7th, 2018 - OOTP Baseball 18.8 Build 76